 Dungeon Crawl Stone Soup version 0.26.0-9-gab577f9fc5 (webtiles) character file.

Game seed: 4219937364349174861

12720 DearestLeader the Severer (level 11, -8/95 HPs)
             Began as a Minotaur Fighter on Jan 13, 2021.
             Was a High Priest of Okawaru.
             Mangled by Sonja
             ... wielding a +1 dagger of distortion
              (11 damage)
             ... on level 1 of the Lair of Beasts.
             The game lasted 00:21:10 (9746 turns).

DearestLeader the Severer (Minotaur Fighter)        Turns: 9746, Time: 00:21:12

Health: -8/95      AC: 13    Str: 25    XL:     11   Next: 66%
Magic:  13/13      EV: 10    Int:  5    God:    Okawaru [*****.]
Gold:   655        SH:  0    Dex:  9    Spells: 10/10 levels left

rFire    . . .     SeeInvis +   O - +3 battleaxe
rCold    . . .     Faith    .   (shield currently unavailable)
rNeg     . . .     Spirit   .   w - quicksilver dragon scales
rPois    +         Reflect  .   (helmet restricted)
rElec    .         Harm     .   I - scarf {+Inv}
rCorr    .         Rampage  .   (no gloves)
Will     +....                  (no boots)
Stlth    ..........             v - amulet of regeneration
HPRegen  0.65/turn              j - ring of see invisible
MPRegen  0.13/turn              e - ring of poison resistance

@: no status effects
A: retaliatory headbutt, horns 2
a: Renounce Religion, Evoke Invisibility, Heroism, Finesse


You were on level 1 of the Lair of Beasts.
You worshipped Okawaru.
Okawaru was extremely pleased with you.
You visited 3 branches of the dungeon, and saw 13 of its levels.
You visited the Abyss 1 time.
You also visited: Ossuary.

You collected 655 gold pieces.

Inventory:

Hand Weapons
 a - a +0 war axe
 b - a +3 hunting sling
 p - a +3 vorpal hand axe
 O - a +3 battleaxe (weapon)
 P - the +4 arbalest "Muymmebask" {vorpal, Int+5, unknown}
   (You found it on level 10 of the Dungeon)

   Any bolt fired from it inflicts extra damage.
   It affects your intelligence (+5).
Missiles
 g - 42 sling bullets
 l - 12 javelins (quivered)
 t - a curare-tipped dart
Armour
 c - a +0 kite shield
 w - quicksilver dragon scales (worn)
 z - +0 swamp dragon scales
 I - a scarf of invisibility (worn)
 R - a +0 pair of gloves
Jewellery
 e - a ring of poison resistance (right hand)
 j - a ring of see invisible (left hand)
 u - an uncursed ring of flight
 v - an amulet of regeneration (around neck)
 N - a +6 ring of strength {unknown}
Wands
 s - a wand of digging (2)
 A - a wand of random effects (10)
 H - a wand of enslavement (19)
 K - a wand of flame (12)
 M - a wand of iceblast (7)
Scrolls
 f - 8 scrolls of teleportation
 h - 6 scrolls of amnesia
 o - a scroll of immolation
 q - 2 scrolls of remove curse
 x - 4 scrolls of fear
 y - a scroll of fog
 B - a scroll of enchant armour
 G - 2 scrolls of enchant weapon
 Q - a scroll of identify
Potions
 d - a potion of might
 i - 2 potions of invisibility
 k - 6 potions of curing
 m - 3 potions of haste
 n - 6 potions of heal wounds
 r - 6 potions of brilliance
 C - 2 potions of berserk rage
 D - a potion of resistance
 E - 2 potions of lignification
 F - 2 potions of mutation {unknown}
 J - a potion of flight {unknown}
Miscellaneous
 L - a box of beasts


   Skills:
 + Level 8.6 Fighting
 * Level 15.6 Axes
 + Level 11.9 Armour
 - Level 4.0 Shields
 + Level 5.0 Invocations


You had 10 spell levels left.
You didn't know any spells.
Your spell library was empty.

Dungeon Overview and Level Annotations

Branches:
Dungeon (10/15)            Temple (1/1) D:7            Lair (2/6) D:10
Ossuary (visited)
  Swamp: Lair:2-4    Shoals: Lair:2-4     Snake: Lair:2-4    Spider: Lair:2-4
    Orc: D:9-12

Altars:
Elyvilon
Fedhas
Gozag
Hepliaklqana
Kikubaaqudgha
Nemelex Xobeh
Okawaru
Qazlal
Ru
Trog
Uskayaw
Vehumet
Wu Jian
Xom
Zin
The Shining One

Annotations:
Lair:1 Sonja


Innate Abilities, Weirdness & Mutations

You reflexively headbutt those who attack you in melee.
You have a pair of horns on your head.


Message History

Aiming: Throw Flame
Press: ? - help, Shift-Dir - straight line, f/p - Sonja
Aim: Sonja, wielding a +1 dagger of distortion and carrying a wand of flame (11) (lightly wounded, 75% to evade)
The puff of flame misses Sonja.
Sonja zaps a wand.
The puff of flame hits you but does no damage.
Cleave: O) +3 battleaxe
Press: ? - help, Dir - move target, f/p - Sonja
Aim: Sonja, wielding a +1 dagger of distortion and carrying a wand of flame (10) (lightly wounded)
You closely miss Sonja.
Sonja is lightly wounded.
Sonja zaps a wand.
The puff of flame hits you.
* * * LOW HITPOINT WARNING * * *
You slash Sonja!
Sonja is moderately wounded.
Sonja hits you but does no damage. Space bends around you!
* * * LOW HITPOINT WARNING * * *
Sonja hits you but does no damage. Space bends around you.
* * * LOW HITPOINT WARNING * * *
Sonja hits you but does no damage. Space warps horribly around you!
You die...

### ####
#######.#############..##
##...((..................#
#........@(((#.###.#..#P##
##......K.(..### ###.####
#..).........# #..#
##.(.........#######.####♣
#.(.........#P.##.#.....♣
##...................###.♣
#............###.###.## #
##........(..## #..# #
#..........(.# #.#####


You could see Sonja.

Vanquished Creatures
  A two-headed ogre (D:9)
  2 unseen horrors (D:10)
  Pikel (D:7)
  A cane toad (Lair:1)
  3 komodo dragons
  Maggie (D:7)
  A troll (D:10)
  5 blink frogs (Lair:1)
  A hornet (D:8)
  16 yaks
  A wraith (D:10)
  2 wyverns (D:10)
  A basilisk (D:10)
  Menkaure (D:7)
  An acid dragon (D:10)
  3 water moccasins (Lair:1)
  3 orc warriors
  2 ice beasts
  A hornet zombie (D:10)
  3 sky beasts
  A black bear (D:10)
  A necrophage (D:10)
  A phantom (D:10)
  3 ogres
  4 centaurs
  A big kobold (D:8)
  8 bullfrogs
  3 water moccasin zombies (Ossuary)
  5 scorpions
  8 wights (D:10)
  3 electric eels (Lair:1)
  A howler monkey (D:4)
  A centaur zombie (D:8)
  2 bullfrog zombies
  3 hounds
  6 orc priests
  10 orc wizards
  A bullfrog skeleton (D:8)
  3 iguanas
  14 worker ants
  A big kobold zombie (Ossuary)
  A hound skeleton (D:8)
  A hound zombie (D:8)
  2 mummies (Ossuary)
  11 adders
  A shadow imp (D:10)
  5 white imps
  3 ufetubi
  An ooze (D:3)
  9 adder zombies (Ossuary)
  6 worms
  A dart slug (D:2)
  3 leopard geckos
  30 orcs
  4 giant cockroaches
  2 gnoll zombies (Ossuary)
  5 goblins (D:3)
  8 hobgoblins
  5 jackals
  12 kobolds
  8 quokkas
  8 bats
  9 frilled lizards
  2 hobgoblin zombies (Ossuary)
  A jackal zombie (D:7)
  7 kobold zombies (Ossuary)
  A leopard gecko skeleton (D:9)
  5 orc zombies (Ossuary)
  4 rats
285 creatures vanquished.

Vanquished Creatures (others)
  A fungus (Lair:1)
  3 plants
4 creatures vanquished.

Grand Total: 289 creatures vanquished

Notes
Turn   | Place    | Note
-------+----------+-------------------------------------------
     0 | D:1      | DearestLeader the Minotaur Fighter began the quest for the
                  | Orb.
     0 | D:1      | Reached XP level 1. HP: 19/19 MP: 0/0
   168 | D:1      | Reached skill level 3 in Axes
   357 | D:1      | Reached XP level 2. HP: 26/26 MP: 1/1
   890 | D:2      | Reached XP level 3. HP: 31/31 MP: 2/2
   911 | D:2      | Reached skill level 4 in Axes
  1159 | D:2      | Noticed a bullfrog
  1168 | D:2      | Killed a bullfrog
  1169 | D:2      | Reached XP level 4. HP: 26/39 MP: 3/3
  1436 | D:3      | Reached skill level 5 in Axes
  1748 | D:3      | Reached XP level 5. HP: 45/45 MP: 4/4
  2030 | D:3      | Reached skill level 5 in Armour
  2198 | D:4      | Reached skill level 6 in Axes
  2208 | D:4      | Reached XP level 6. HP: 37/51 MP: 5/5
  2441 | D:4      | Reached skill level 7 in Axes
  2744 | D:5      | Entered Level 5 of the Dungeon
  2753 | D:5      | Reached XP level 7. HP: 57/58 MP: 6/6
  2988 | D:5      | Reached skill level 8 in Axes
  3705 | D:6      | Reached skill level 5 in Fighting
  3705 | D:6      | Reached XP level 8. HP: 68/68 MP: 7/7
  3765 | D:6      | Reached skill level 9 in Axes
  4154 | D:6      | Reached skill level 10 in Axes
  4467 | D:7      | Noticed Maggie
  4485 | D:7      | Killed Maggie
  4652 | D:7      | Found a staircase to the Ecumenical Temple.
  4746 | D:7      | Reached skill level 11 in Axes
  4772 | D:7      | Noticed Pikel
  4789 | D:7      | Killed Pikel
  4790 | D:7      | Reached XP level 9. HP: 61/74 MP: 8/8
  4802 | Temple   | Entered the Ecumenical Temple
  4861 | Temple   | Became a worshipper of Warmaster Okawaru
  5032 | D:7      | Noticed Menkaure
  5038 | D:7      | Killed Menkaure
  5190 | D:7      | Reached skill level 12 in Axes
  5593 | D:8      | Reached * piety under Okawaru
  5616 | D:8      | Found a sand-covered staircase.
  5625 | Ossuary  | Entered an ossuary
  5733 | Ossuary  | Reached skill level 10 in Armour
  5759 | Ossuary  | Reached skill level 13 in Axes
  5889 | D:8      | Reached ** piety under Okawaru
  6182 | D:9      | Reached XP level 10. HP: 81/81 MP: 9/9
  6351 | D:9      | Noticed a two-headed ogre
  6358 | D:9      | Killed a two-headed ogre
  6358 | D:9      | Reached *** piety under Okawaru
  6359 | D:9      | Reached skill level 1 in Invocations
  6382 | D:9      | Reached skill level 14 in Axes
  6591 | D:9      | Found a glowing silver altar of Zin.
  6968 | D:10     | Entered Level 10 of the Dungeon
  7464 | D:10     | Noticed an unseen horror
  7466 | D:10     | Noticed an unseen horror
  7477 | D:10     | Killed an unseen horror
  7477 | D:10     | Reached **** piety under Okawaru
  7482 | D:10     | Killed an unseen horror
  7487 | D:10     | Reached XP level 11. HP: 64/92 MP: 10/12
  7696 | D:10     | Got a polished arbalest
  7835 | D:10     | Found a staircase to the Lair.
  8154 | Lair:1   | Entered Level 1 of the Lair of Beasts
  8167 | Lair:1   | Reached skill level 15 in Axes
  8278 | Lair:1   | Reached ***** piety under Okawaru
  8687 | Lair:1   | Noticed a six-headed hydra
  9355 | Lair:1   | Found a white marble altar of Elyvilon.
  9696 | Lair:1   | Noticed Sonja
  9703 | Lair:1   | Reached skill level 5 in Invocations
  9714 | Lair:1   | Cast into level 2 of the Abyss (Sonja)
  9714 | Abyss:2  | Found a bloodstained altar of Trog.
  9728 | Lair:1   | Escaped the Abyss
  9746 | Lair:1   | HP: 3/95 [Sonja/+1 dagger of distortion (4)]
  9746 | Lair:1   | Mangled by Sonja

Illustrated notes

Levels and vault maps discovered:
D:1:      psy_arrival_basics, layout_basic
D:2:      layout_rooms
D:3:      layout_rooms, chequers_avenue, kennysheep_generic_room_16
D:4:      cheibrodos_helix_gallery, layout_rooms, grunt_decor_mini_mirrors
D:5:      layout_loops_ring
D:6:      layout_basic
D:7:      layout_basic, minmay_temple_entry_ruins, minmay_misc_feat_tiny,
          uniq_maggie, uniq_pikel, uniq_menkaure
D:8:      layout_cave_pools, lightli_ossuary_entry_decrepit_ruins,
          minmay_misc_feat_rows
D:9:      layout_basic, kennysheep_mini_moat
D:10:     layout_small_grid, erik_lair_dragon
Temple:   compressed_dpeg_circular_temple
Lair:1:   layout_small_grid, basic_altar, serial_bayou_shore_a,
          lemuel_fruit_fields, infiniplex_staircase_pool, uniq_sonja
Lair:2:   layout_cave_pods, elwin_shoals_entry_stream

Skill      XL: |  1  2  3  4  5  6  7  8  9 10 11 |
---------------+----------------------------------+-----
Axes           | 3 4 5 6 7 8 11 13 14 15 | 15.6
Armour         | 4 5 6 7 9 10 11 | 11.9
Shields        | 4 |  4.0
Fighting       | 5 7 8 |  8.6
Invocations    | 3 5 |  5.0

Action                   |  1- 3 |  4- 6 |  7- 9 | 10-12 || total
-------------------------+-------+-------+-------+-------++-------
Melee: War axe           |    86 |    95 |   183 |       ||   364
       Headbutt          |    10 |    23 |    60 |    49 ||   142
       Mace              |       |    36 |       |       ||    36
       Hand axe          |       |       |   164 |   237 ||   401
       Battleaxe         |       |       |       |    91 ||    91
 Fire: Hunting sling     |       |     7 |     5 |    23 ||    35
Evoke: Wand              |       |       |       |     7 ||     7
  Use: Potion            |       |     1 |       |     1 ||     2
       Scroll            |       |     1 |    17 |     3 ||    21
Armor: Scale mail        |     9 |       |       |       ||     9
       Chain mail        |    21 |     8 |       |       ||    29
       Quicksilver drago |       |    55 |    92 |   139 ||   286
Dodge: Dodged            |    20 |    42 |    83 |   123 ||   268
Block: Kite shield       |    44 |    65 |   109 |    71 ||   289
